 Dungeon Crawl Stone Soup version 0.31-a0-844-gdc52ec4e09 (webtiles) character file.

Game seed: 17124732748862419356

1 javelincjr the Ruffian (level 1, -1/15 HPs)
             Began as a Demonspawn Shapeshifter on Sept 29, 2023.
             Slain by a jackal (2 damage)
             ... on level 1 of the Dungeon.
             The game lasted 00:00:18 (46 turns).

javelincjr the Ruffian (Demonspawn Shapeshifter)      Turns: 46, Time: 00:00:19

Health: -1/15      AC:  2    Str: 14    XL:     1   Next: 16%
Magic:  1/1        EV: 12    Int: 11    God:
Gold:   15         SH:  0    Dex: 12    Spells: 0/0 levels left

rFire   . .          .
                       - Unarmed
rCold   . . .        (no shield)
rNeg    . . .        a - +0 animal skin
rPois   .            (helmet currently unavailable)
rElec   .            (cloak currently unavailable)
rCorr   .            (gloves currently unavailable)
SInv    .            (boots currently unavailable)
Will    .....        (no amulet)
Stlth   +            (no ring)
HPRegen 0.22/turn    (no ring)
MPRegen 0.07/turn

%: no passive effects
@: beast-form
A: beast (slay +1)
a: Begin Untransformation


You were on level 1 of the Dungeon.
You were a hulking beast.
You visited 1 branch of the dungeon, and saw 1 of its levels.

You collected 15 gold pieces.

Inventory:

Armour
 a - a +0 animal skin (worn)
Talismans
 c - a beast talisman (active)
 d - a flux talisman
Scrolls
 e - a scroll of amnesia {unknown}
Potions
 b - a potion of lignification


   Skills:
 + Level 1.0 Fighting
 + Level 1.8 Dodging
 + Level 2.7 Unarmed Combat
 + Level 2.7 Shapeshifting


You couldn't memorise any spells.
You didn't know any spells.
Your spell library was empty.

Dungeon Overview and Level Annotations

Branches:
Dungeon (1/15)

Altars:


Message History

The jackal barely misses you. x2; The jackal bites you.
You closely miss the jackal.
The jackal is severely wounded.
The jackal misses you. The jackal barely misses you. The jackal bites you. x3
The jackal closely misses you.
You are too injured to fight recklessly!
You barely miss the jackal.
The jackal is severely wounded.
The jackal splashes around in the water.
The jackal closely misses you. x2; The jackal barely misses you. x3
You barely miss the jackal.
The jackal is severely wounded.
The jackal closely misses you. The jackal barely misses you.
The jackal misses you. The jackal closely misses you.
A bat comes into view.
The jackal bites you but does no damage.
You hit the jackal.
You kill the jackal!
The jackal splashes around in the water. x2
The jackal closely misses you. The jackal barely misses you.
The jackal bites you.
* * * LOW HITPOINT WARNING * * *
You miss the jackal. The jackal barely misses you.
The jackal completely misses you. The jackal bites you.
* * * LOW HITPOINT WARNING * * *
The jackal splashes around in the water.
You barely miss the jackal. The jackal misses you. x2
The jackal closely misses you.
You closely miss the jackal.
The jackal bites you but does no damage.
The jackal bites you.
* * * LOW HITPOINT WARNING * * *
The jackal barely misses you. The jackal misses you.
You hit the jackal.
The jackal is moderately wounded.
The jackal splashes around in the water.
The jackal barely misses you. x2
The jackal splashes around in the water.
The jackal bites you.
You die...

###############......#
.#####......###
................
............###.
............+...
................
..........~~~~.~
.#####..h≈..~.~~
#.hhb~.~~~#
#.#h~....~.
#..##≈~~#~~ ##. ~.~♣
## ♣.... ..~.. ♣h..
.~.


You could see 3 jackals and a bat.

Vanquished Creatures
  A jackal (D:1)
1 creature vanquished.

Notes
Turn   | Place    | Note
-------+----------+-------------------------------------------
     0 | D:1      | javelincjr the Demonspawn Shapeshifter began the quest for
                  | the Orb.
     0 | D:1      | Reached XP level 1. HP: 15/15 MP: 1/1
    46 | D:1      | Slain by a jackal

Illustrated notes

Levels and vault maps discovered:
D:1:      nzn_arrival_depleted_hourglass, layout_basic,
          chequers_serial_rivers_marsh

Action                     || total
---------------------------++-------
  Melee: Unarmed           ||    12
 Armour: Animal skin       ||    15
  Dodge: Dodged            ||    27

Table legend: (Time is in decaauts)
 A = Elapsed time spent in this place.
 B = Non-inter-level travel time spent in this place.
 C = Inter-level travel time spent in this place.
 D = Time resting spent in this place.
 E = Time spent auto-exploring this place.
 F = Levels seen in this place.
 G = Mean time per level.
                   A        B        C        D        E       F      G
               +--------+--------+--------+--------+--------+-----+--------+
         Total |     46 |     46 |      0 |      0 |     24 |   1 |   46.0 |
       Dungeon |     46 |     46 |      0 |      0 |     24 |   1 |   46.0 |
               +--------+--------+--------+--------+--------+-----+--------+

Top non-repeatable levels by time:
     D:1: 46 daAuts
